 Dungeon Crawl Stone Soup version 0.21-a0-201-g8501b10 (webtiles) character file.

1646141 Gorglomux the Orcish Catapult (level 27, 218/223 HPs)
             Began as a Hill Orc Ice Elementalist on Aug 18, 2017.
             Was the Champion of Okawaru.
             Escaped with the Orb
             ... and 3 runes!
             The game lasted 02:27:59 (74741 turns).

Gorglomux the Orcish Catapult (HOIE)               Turns: 74741, Time: 02:27:59

Health: 218/223    AC: 39    Str: 24    XL:     27
Magic:  30/30      EV: 13    Int: 16    God:    Okawaru [******]
Gold:   3187       SH: 27    Dex: 16    Spells: 26/29 levels left

rFire    + + +     SeeInvis .   a - +8 mithril axe "Arga" {speed, MR+}
rCold    + . .     Gourm    +   w - +0 large shield
rNeg     + . .     Faith    .   c - +6 plate armour of Hairiness {god gift, rPois rN+ Int+3}
rPois    +         Spirit   .   x - +2 helmet of Grot {god gift, *Contam *Drain rElec rCorr}
rElec    +         Reflect  .   U - +2 cloak {+Inv}
rCorr    +         Harm     .   l - +2 pair of gloves {archery} {god gift}
MR       +++..                  d - +1 pair of boots of Qileg {god gift, rF+ Dex+3}
Stlth    ..........             q - amulet of the gourmand
HPRegen  0.87/turn              L - ring "Peg Raogh" {Wiz rElec rC+}
MPRegen  0.22/turn              y - ring "Fidiyrev" {rPois rF++ AC+2}

@: no status effects
A: iridescent scales 1, large bone plates 1, agile 1, blink, deformed body,
dopey 1, frail 1, regeneration 1, sturdy frame 1
0: Orb of Zot
}: 3/15 runes: serpentine, barnacled, silver
a: Blink, Heroism, Finesse, Renounce Religion, Evoke Invisibility


You escaped.
You worshipped Okawaru.
Okawaru was exalted by your worship.
You were full.

You visited 8 branches of the dungeon, and saw 46 of its levels.

You collected 6651 gold pieces.
You spent 3464 gold pieces at shops.

Inventory:

Hand Weapons
 a - the +8 mithril axe "Arga" (weapon) {speed, MR+}
   (You bought it in a shop on level 5 of the Vaults)

   Attacks with this weapon are significantly faster.
   It affects your resistance to hostile enchantments.
 b - the +10 fustibalus "Ommao" {flame, rN+ Int+2 SInv}
   (You acquired it on level 12 of the Dungeon)

   It causes projectiles fired from it to burn those they strike, causing extra
   injury to most foes and up to half again as much damage against particularly
   susceptible opponents.
   It affects your intelligence (+2).
   It protects you from negative energy.
   It lets you see invisible.
 S - a +9 broad axe of freezing
Missiles
 g - 385 sling bullets
 s - 475 stones (quivered)
Armour
 c - the +6 plate armour of Hairiness (worn) {god gift, rPois rN+ Int+3}
   (Okawaru gifted it to you on level 2 of the Snake Pit)

   It affects your intelligence (+3).
   It protects you from poison.
   It protects you from negative energy.
 d - the +1 pair of boots of Qileg (worn) {god gift, rF+ Dex+3}
   (Okawaru gifted it to you on level 5 of the Vaults)

   It affects your dexterity (+3).
   It protects you from fire.
 l - a +2 pair of gloves of archery (worn) {god gift}
 w - a +0 large shield (worn)
 x - the +2 helmet of Grot (worn) {god gift, *Contam *Drain rElec rCorr}
   (Okawaru gifted it to you on level 11 of the Dungeon)

   It insulates you from electricity.
   It causes magical contamination when unequipped.
   It protects you from acid and corrosion.
   It causes draining when unequipped.
 U - a +2 cloak of invisibility (worn)
Jewellery
 f - an uncursed ring of protection from fire
 k - the ring of Cijodgha {rElec SInv}
   (You took it off a vault guard on level 5 of the Vaults)

   [ring of see invisible]

   It insulates you from electricity.
   It lets you see invisible.
 m - an uncursed ring of protection from magic
 q - an amulet of the gourmand (around neck)
 y - the ring "Fidiyrev" (right hand) {rPois rF++ AC+2}
   (You took it off a vault guard on level 5 of the Vaults)

   [ring of protection]

   It affects your AC (+2).
   It greatly protects you from fire.
   It protects you from poison.
 L - the ring "Peg Raogh" (left hand) {Wiz rElec rC+}
   (You took it off a spriggan air mage on level 3 of the Depths)

   [ring of wizardry]

   It improves your spell success rate.
   It protects you from cold.
   It insulates you from electricity.
Wands
 j - a wand of digging (4/24)
 A - a wand of acid (4/15)
 D - a wand of digging (6/24)
 E - a wand of enslavement (14/24)
 I - a wand of iceblast (13/15)
 O - a wand of clouds (5/9)
Scrolls
 e - a scroll of summoning
 h - 5 scrolls of immolation
 i - 3 scrolls of holy word
 r - 11 scrolls of recharging
 t - 7 scrolls of fear
 v - 2 scrolls of fog
 B - 8 scrolls of blinking
 J - 17 scrolls of remove curse
 M - a scroll of magic mapping
 R - 13 scrolls of identify
 T - 25 scrolls of teleportation
Potions
 n - a potion of might
 o - 6 potions of heal wounds
 C - 7 potions of haste
 F - 8 potions of mutation {!q}
 G - 6 potions of berserk rage
 H - 9 potions of agility
 K - 5 potions of resistance
 N - 4 potions of ambrosia
 P - 13 potions of lignification
 Q - 8 potions of curing
Miscellaneous
 p - a lightning rod (4/4)
 V - a phantom mirror
 W - a sack of spiders
 X - a phial of floods
 Y - a lamp of fire
Comestibles
 z - 24 meat rations
 Z - 25 bread rations


   Skills:
 + Level 20.5 Fighting
 - Level 18.8 Axes
 O Level 27 Slings
 + Level 20.6 Armour
 + Level 9.0 Dodging
 - Level 1.5 Stealth
 - Level 20.0 Shields
 - Level 1.5 Spellcasting
   Level 1.0 Conjurations
 - Level 2.6 Ice Magic
 - Level 9.0 Invocations
 - Level 10.0 Evocations


You had 26 spell levels left.
You knew the following spells:

 Your Spells              Type           Power        Failure   Level  Hunger
h - Ozocubu's Armour      Chrm/Ice       #.......     69%         3    ####...


Dungeon Overview and Level Annotations

Branches:
Dungeon (15/15)            Temple (0/1) D:7            Lair (6/6) D:11
 Shoals (4/4) Lair:3        Snake (4/4) Lair:4        Slime (0/5) Lair:5
    Orc (2/2) D:11            Elf (0/3) Orc:2        Vaults (5/5) D:13
  Crypt (0/3) Vaults:3     Depths (5/5) D:15            Zot (5/5) Depths:5

Altars:
Ashenzari
Cheibriados
Dithmenos
Elyvilon
Fedhas
Hepliaklqana
Kikubaaqudgha
Makhleb
Nemelex Xobeh
Okawaru
Qazlal
Ru
Sif Muna
Uskayaw
Wu Jian
Xom
Zin
Beogh
Jiyva

Shops:
D:7 [   D:10 [   Orc:2 [}}(   Shoals:1 ?   Snake:1 :   Snake:4 =}=   Vaults:5 (
Depths:2 (

Portals:
Hell: Depths:1 Depths:2 Depths:3 Depths:4 Depths:5
Abyss: Depths:1 Depths:4
Pandemonium: Depths:3 Depths:4
Ziggurat: Depths:1

Annotations:
D:9 tilp's ghost, journeyman HOFE
Lair:4 exclusion: 2 oklob plants
Depths:3 exclusion: obsidian statue, the Enchantress


Innate Abilities, Weirdness & Mutations

You are partially covered in iridescent scales. (AC +2)
You are partially covered in large bone plates. (SH +4)
You are agile. (Dex +2)
You can translocate small distances at will.
Armour fits poorly on your strangely shaped body.
You are dopey. (Int -2)
You are frail. (-10% HP)
Your natural rate of healing is unusually fast.
Your movements are slightly less encumbered by armour. (ER -2)


Message History

The Orb Guardian is severely butt!
You block the Butt Guardian's attack!
You carve the Orb Guardian like a ham!!!
The Orb Guardian is severely wounded!
You chop the Orb Guardian into pieces!!!!!!
The Orb Guardian is almost dead!
You block the Orb Guardian's attack!
You miss the Orb Guardian!
The Orb Guardian is almost dead!
The Orb Guardian hits you!!!
You open the Orb Guardian like a pillowcase!
The Orb Guardian is almost dead!
You cut the Orb Guardian into ribbons!!!
Butt annihilate the Orb Guardian!!!
Okawaru roars: ANNIHILATED!
No target in view!!!
No target in view!!!
There is a staircase leading out of the dungeon here!
You can't go down here!!!
You have escaped!!!

.......##...)....#
#....
#.....###.######.#
#.... ♣#...## #.#
#'# #######.(..
#########.# #.#
#..........
..........# #.#
#.#########
#########.# #.#
#.# #.# ##.## #.#
#.#####...#####.#
#.'.....@.....'.#
####.........####
##.......##
##.....## ##...##
##.## ###


There were no monsters in sight!

Vanquished Creatures
  Mara (Depths:1)
  5 orbs of fire
  A juggernaut (shapeshifter) (Depths:3)
  2 juggernauts (Depths:4)
  4 ancient liches
  Vashnia (Snake:2)
  A curse toe (Zot:3)
  Frederick (Vaults:2)
  3 Killer Klowns
  11 golden dragons
  4 bone dragons
  A Brimstone Fiend (D:4)
  2 electric golems (Zot:5)
  Jorgrun (Shoals:2)
  9 tentacled monstrosities
  28 Orb Guardians
  4 liches
  The ghost of 8limbs the Warrior, an adept DrTm of Okawaru (Depths:2)
  6 titans
  Asterion (Snake:3)
  9 quicksilver dragons
  2 krakens
  2 acid blobs (Zot:2)
  10 death cobs
  2 sphinxes (shapeshifter)
  2 acid blobs (shapeshifter) (Depths:3)
  3 sphinxes
  2 tengu reavers (Vaults:5)
  8 shadow dragons
  5 draconian monks
  9 nagarajas
  17 frost giants
  2 iron dragons
  2 deep elf sorcerers
  18 storm dragons
  Aizul (Depths:1)
  An iron dragon (shapeshifter) (Depths:3)
  6 fire giants
  2 ghost moths (Zot:1)
  2 cacodemons
  6 draconian knights
  16 vault wardens
  2 draconian stormcallers
  An angel (Zot:4)
  A ghoul (Vaults:1)
  6 draconian scorchers
  9 draconian annihilators
  13 ironheart preservers
  17 very ugly things
  3 entropy weavers
  7 draconian shifters
  9 war gargoyles
  A spriggan defender (Depths:4)
  Nessos (D:14)
  26 stone giants
  A vampire knight (Depths:2)
  3 deep elf demonologists
  6 green draconians
  11 black draconians
  9 purple draconians
  2 deep elf annihilators (Zot:1)
  13 red draconians
  A spark wasp (Depths:4)
  10 white draconians
  19 yellow draconians
  Snorg (D:11)
  A blizzard demon (Depths:3)
  15 ettins
  4 merfolk javelineers
  14 crystal guardians
  2 deep elf death magi
  2 jiangshi (Depths:2)
  9 fire dragons
  Fannar (D:10)
  4 great orbs of eyes
  Harold (Orc:1)
  16 yaktaur captains
  5 merfolk impalers
  26 ogre magi
  2 deep elf high priests
  Erolcha (Orc:1)
  6 hydras
  6 ice dragons
  26 vault guards
  A hell beast (Zot:3)
  3 rakshasas
  17 naga warriors
  A satyr (Shoals:2)
  9 anacondas
  6 spriggan air magi
  3 alligator snapping turtles (Shoals:4)
  14 centaur warriors
  2 anacondas (shapeshifter) (Depths:3)
  92 two-headed ogres
  14 dancing weapons
  4 merfolk avatars
  8 death yaks
  7 death knights
  4 merfolk aquamancers
  11 tengu warriors
  A vampire mage (Depths:2)
  16 naga sharpshooters
  7 deep troll shamans
  5 deep troll earth magi
  A soul eater (D:13)
  8 shock serpents
  A titan zombie (Vaults:5)
  A shock serpent (shapeshifter) (Depths:3)
  6 deep elf knights
  A fire crab (shapeshifter) (Vaults:1)
  10 hell knights
  4 iron trolls
  13 skeletal warriors
  A shadow wraith (Vaults:3)
  A sixfirhy (Depths:1)
  3 salamander mystics
  29 deep trolls
  An unseen horror (D:12)
  9 glowing orange brains
  7 sea snakes
  An unseen horror (shapeshifter) (Depths:3)
  4 wizards
  5 flayed ghosts
  A glowing orange brain (shapeshifter) (Zot:1)
  A lindwurm (Lair:6)
  9 ironbrand convokers
  5 necromancers
  8 harpies
  Pikel (D:4)
  6 deep elf archers
  12 deep elf magi
  6 naga ritualists
  A harpy (shapeshifter) (Depths:3)
  3 obsidian statues
  2 phantasmal warriors
  A shadow dragon zombie (D:15)
  11 orc knights
  3 orc sorcerers
  An orb spider (shapeshifter) (Depths:1)
  2 shining eyes (shapeshifter)
  A wolf spider (shapeshifter) (Depths:3)
  A wolf spider (Vaults:4)
  A faun (shapeshifter) (Vaults:5)
  10 mana vipers
  A human zombie (Vaults:5)
  An oklob plant (Zot:2)
  12 manticores
  2 salamanders (shapeshifter)
  17 cyclopes
  A cyclops (shapeshifter) (Vaults:5)
  9 fauns
  13 salamanders
  42 ugly things
  7 merfolk sirens
  4 elephants (Lair:6)
  Maurice (D:9)
  A guardian serpent (shapeshifter) (Depths:4)
  21 moths of wrath
  A stone giant skeleton (D:15)
  2 centaur zombies
  A frost giant skeleton (D:15)
  58 black mambas
  Joseph (D:7)
  4 spiny frogs (shapeshifter)
  A guardian serpent (Snake:4)
  3 water nymphs
  4 molten gargoyles
  8 vault sentinels
  20 naga magi
  3 gargoyles (Depths:3)
  12 spiny frogs
  4 rime drakes (Lair:6)
  A yaktaur zombie (D:15)
  A kobold demonologist (D:14)
  71 yaktaurs
  An ice devil (Depths:5)
  7 freezing wraiths
  2 efreet
  A yaktaur skeleton (Vaults:5)
  2 komodo dragons (shapeshifter)
  12 komodo dragons
  A red devil (Depths:5)
  3 tengu conjurers
  A guardian mummy (D:15)
  4 hellwings
  3 merfolk (shapeshifter)
  23 merfolk
  8 wind drakes
  2 jumping spiders
  3 meliai (D:14)
  5 trolls
  A tyrant leech (shapeshifter) (Depths:3)
  3 polar bears (Lair:6)
  A raiju (shapeshifter) (Depths:4)
  28 slime creatures
  8 hornets
  A blink frog (Lair:2)
  A hornet (shapeshifter) (Vaults:2)
  Prince Ribbit (D:9)
  14 dream sheep
  15 hippogriffs
  Sigmund (D:2)
  A snapping turtle (shapeshifter) (Depths:3)
  8 snapping turtles
  14 water elementals
  7 redbacks
  2 vampires
  2 redbacks (shapeshifter)
  5 shadows
  2 wraiths
  3 wyverns
  18 air elementals
  A hungry ghost (D:12)
  2 basilisks (shapeshifter)
  4 fire bats (Depths:2)
  30 yaks
  2 basilisks
  5 fire elementals (Depths:3)
  A steam dragon (Lair:4)
  A yaktaur simulacrum (Vaults:2)
  4 wargs
  A soldier ant (D:8)
  An insubstantial wisp (Depths:3)
  68 nagas
  20 water moccasins
  4 acid dragons
  4 porcupines
  A floating eye (Depths:5)
  An ice beast (shapeshifter) (Depths:3)
  7 sky beasts
  23 orc warriors
  A black bear (shapeshifter) (Depths:3)
  A black bear (D:13)
  A hornet zombie (D:15)
  6 ice beasts
  50 ogres
  A wolf (shapeshifter) (Depths:3)
  7 boggarts
  An eye of draining (D:15)
  12 wolves
  20 centaurs
  A crocodile (shapeshifter) (Depths:3)
  8 crocodiles
  A big kobold (D:7)
  20 bullfrogs
  8 earth elementals (Depths:3)
  A wyvern skeleton (D:10)
  A scorpion (shapeshifter) (Depths:3)
  4 scorpions
  10 killer bees
  18 wights
  4 howler monkeys
  4 electric eels
  10 crimson imps
  A human simulacrum (Vaults:3)
  26 jellies
  23 orc wizards
  Crazy Yiuf (D:6)
  19 orc priests
  A hound (shapeshifter) (Vaults:5)
  10 hounds
  3 bullfrog skeletons
  7 centaur skeletons
  2 iguanas
  7 worker ants
  Terence (D:2)
  A centaur simulacrum (D:12)
  A hound zombie (D:7)
  5 hound skeletons
  Robin (D:2)
  2 worker ant zombies (D:10)
  15 adders
  5 gnolls
  5 shadow imps
  3 oozes
  2 adder zombies
  An adder skeleton (D:4)
  3 worms
  4 ball lightnings (Depths:3)
  3 dart slugs
  4 leopard geckos
  77 orcs
  5 ball pythons
  18 giant cockroaches
  11 goblins
  10 hobgoblins
  19 jackals
  18 kobolds
  3 quokkas
  12 bats
  6 frilled lizards
  A jackal skeleton (D:5)
  A leopard gecko skeleton (D:4)
  A quokka skeleton (D:4)
  12 rats
  A fungus (Lair:2)
  14 plants
  4 tentacles
  A withered plant (D:15)
2225 creatures vanquished.

Vanquished Creatures (others)
  A tentacled monstrosity (Zot:1)
  A fire crab (shapeshifter) (Depths:3)
  A basilisk (D:12)
  A centaur (D:5)
  An ooze (shapeshifter) (Depths:3)
  5 ball lightnings (Depths:3)
  A ball python (Snake:2)
  9 fungi
  18 plants
  8 tentacles
  A withered plant (D:15)
47 creatures vanquished.

Grand Total: 2272 creatures vanquished

Notes
Turn   | Place    | Note
-------+----------+-------------------------------------------
     0 | D:1      | Gorglomux the Hill Orc Ice Elementalist began the quest for the Orb.
     0 | D:1      | Reached XP level 1. HP: 14/14 MP: 3/3
    82 | D:1      | Reached skill level 1 in Fighting
   309 | D:1      | Reached XP level 2. HP: 22/24 MP: 2/4
   400 | D:1      | Reached skill level 3 in Fighting
   427 | D:1      | Reached XP level 3. HP: 31/31 MP: 2/5
  1001 | D:2      | Noticed Sigmund
  1219 | D:2      | Reached XP level 4. HP: 29/40 MP: 6/6
  1815 | D:2      | Noticed Robin
  1847 | D:2      | Killed Robin
  2255 | D:2      | Reached skill level 1 in Axes
  2306 | D:2      | You fall through a shaft for 2 floors!
  2850 | D:3      | Reached XP level 5. HP: 38/48 MP: 3/7
  2967 | D:3      | Found an ornate altar of the Wu Jian Council.
  3003 | D:3      | HP: 2/48 [orc priest (5)]
  3005 | D:3      | Reached skill level 1 in Shields
  3625 | D:3      | Found a hazy altar of Hepliaklqana.
  4130 | D:2      | Noticed Terence
  4231 | D:3      | Learned a level 3 spell: Ozocubu's Armour
  4261 | D:2      | Killed Terence
  4262 | D:2      | Gained mutation: You are partially covered in iridescent scales. (AC +2) [potion of mutation]
  4262 | D:2      | Gained mutation: You are partially covered in slimy green scales. (AC +2) [potion of mutation]
  4262 | D:2      | Gained mutation: You have sharp toenails. [potion of mutation]
  4271 | D:2      | Reached XP level 6. HP: 7/56 MP: 4/8
  4575 | D:2      | Reached skill level 3 in Axes
  5227 | D:4      | Found an ancient bone altar of Kikubaaqudgha.
  5362 | D:5      | Entered Level 5 of the Dungeon
  5362 | D:5      | Noticed Pikel
  5362 | D:5      | Noticed a slave
  5362 | D:5      | Noticed a slave
  5362 | D:5      | Noticed a slave
  5362 | D:5      | Noticed a slave
  5398 | D:4      | Killed Pikel
  5398 | D:4      | Reached skill level 6 in Fighting
  5398 | D:4      | Reached XP level 7. HP: 39/64 MP: 9/9
  6307 | D:6      | Reached skill level 1 in Armour
  6307 | D:6      | Reached XP level 8. HP: 73/73 MP: 10/10
  6350 | D:6      | Reached skill level 6 in Axes
  6505 | D:6      | Found a runed door.
  6973 | D:6      | Reached skill level 3 in Armour
  7379 | D:6      | Reached XP level 9. HP: 58/82 MP: 11/11
  7504 | D:6      | Noticed Crazy Yiuf
  7510 | D:6      | Killed Crazy Yiuf
  7561 | D:7      | Noticed Joseph
  7576 | D:7      | Killed Joseph
  7576 | D:7      | Reached skill level 9 in Fighting
  8084 | D:7      | Found a sparkling altar of Nemelex Xobeh.
  8226 | D:7      | Found Gaamer's Antique Armour Shoppe.
  8239 | D:7      | Bought a glowing hat for 147 gold pieces
  8339 | D:7      | Found a staircase to the Ecumenical Temple.
  8418 | D:7      | Found a hide-covered altar of Uskayaw.
  8425 | D:7      | Found an iron altar of Okawaru.
  8434 | D:7      | Found a shimmering altar of Xom.
  8441 | D:7      | Found a shattered altar of Ashenzari.
  8446 | D:7      | Found a sacrificial altar of Ru.
  8453 | D:7      | Found a stormy altar of Qazlal.
  8458 | D:7      | Found a white marble altar of Elyvilon.
  8602 | D:7      | Became a worshipper of Warmaster Okawaru
  8715 | D:8      | Found a shadowy altar of Dithmenos.
  8759 | D:8      | Reached skill level 9 in Axes
  8851 | D:8      | Reached skill level 6 in Armour
  9011 | D:8      | Noticed a hornet
  9036 | D:8      | Killed a hornet
  9036 | D:8      | Reached * piety under Okawaru
  9036 | D:8      | Reached XP level 10. HP: 43/93 MP: 12/12
  9361 | D:8      | Noticed a two-headed ogre
  9604 | D:8      | Paralysed by a hornet for 2 turns
  9610 | D:8      | Paralysed by a hornet for 1 turns
  9611 | D:8      | Reached skill level 1 in Invocations
  9769 | D:8      | Killed a two-headed ogre
  9769 | D:8      | Reached skill level 3 in Invocations
 10199 | D:8      | Found a blossoming altar of Fedhas.
 10249 | D:9      | Noticed Prince Ribbit
 10270 | D:9      | Killed Prince Ribbit
 10399 | D:9      | Reached ** piety under Okawaru
 10502 | D:9      | Found a deep blue altar of Sif Muna.
 10534 | D:9      | Noticed Maurice
 10557 | D:9      | Killed Maurice
 10683 | D:9      | Found a burning altar of Makhleb.
 10686 | D:9      | Found a glowing silver altar of Zin.
 10686 | D:9      | Noticed an angel
 10687 | D:9      | Noticed a cacodemon
 10768 | D:9      | Noticed a two-headed ogre
 10792 | D:9      | Noticed tilp's ghost (journeyman HOFE)
 10795 | D:9      | Killed a two-headed ogre
 10795 | D:9      | Reached *** piety under Okawaru
 11817 | D:8      | Noticed a two-headed ogre
 11839 | D:8      | Killed a two-headed ogre
 11839 | D:8      | Reached skill level 12 in Fighting
 11839 | D:8      | Reached skill level 9 in Armour
 11839 | D:8      | Reached XP level 11. HP: 93/104 MP: 14/14
 12176 | D:10     | Entered Level 10 of the Dungeon
 12193 | D:10     | Found the +3 robe of Clouds {+Fly rElec}
 12464 | D:10     | You fall through a shaft for 2 floors!
 12540 | D:12     | Noticed an unseen horror
 12558 | D:12     | Killed an unseen horror
 12639 | D:12     | Noticed a two-headed ogre
 12673 | D:12     | Killed a two-headed ogre
 12920 | D:11     | Noticed a green ugly thing
 12921 | D:11     | Found a staircase to the Orcish Mines.
 12935 | D:11     | Killed a cyan ugly thing
 12963 | D:12     | Reached **** piety under Okawaru
 13267 | D:11     | Found a staircase to the Lair.
 13398 | D:11     | Noticed Fannar
 13398 | D:11     | Noticed a two-headed ogre
 13416 | D:10     | Killed a two-headed ogre
 13676 | D:10     | Found Kebaitzy's Antique Armour Shop.
 13725 | D:10     | Noticed a cyclops
 13742 | D:10     | Reached skill level 6 in Invocations
 13763 | D:10     | Killed a cyclops
 14328 | D:10     | Reached ***** piety under Okawaru
 14669 | D:10     | Reached XP level 12. HP: 85/116 MP: 17/17
 14706 | D:10     | Killed Fannar
 15085 | D:11     | Noticed Snorg
 15398 | D:11     | Noticed a two-headed ogre
 15426 | D:11     | Killed a two-headed ogre
 15450 | D:11     | Noticed a two-headed ogre
 15469 | D:11     | Killed a two-headed ogre
 15469 | D:11     | Received a gift from Okawaru
 15595 | D:11     | Killed Snorg
 15595 | D:11     | Reached skill level 12 in Axes
 16151 | D:11     | Reached skill level 9 in Invocations
 16335 | Lair:1   | Entered Level 1 of the Lair of Beasts
 17365 | Lair:2   | Found a snail-covered altar of Cheibriados.
 17811 | Lair:2   | Reached skill level 3 in Dodging
 18154 | Lair:2   | Noticed a five-headed hydra
 18467 | Lair:2   | Killed a five-headed hydra
 18467 | Lair:2   | Reached skill level 1 in Evocations
 19300 | Lair:3   | Noticed an eight-headed hydra
 19311 | Lair:3   | Killed an eight-headed hydra
 19311 | Lair:3   | Reached XP level 13. HP: 85/125 MP: 17/19
 19346 | Lair:3   | Reached skill level 15 in Fighting
 19677 | Lair:3   | Identified the Almanac of the Forsaken Lies
 20070 | Lair:3   | Reached skill level 3 in Evocations
 20348 | Lair:3   | Found a staircase to the Shoals.
 20999 | Lair:4   | Received a gift from Okawaru
 21005 | Lair:4   | Found a staircase to the Snake Pit.
 22508 | Lair:5   | Found a viscous altar of Jiyva.
 22508 | Lair:5   | Found a staircase to the Slime Pits.
 23061 | Lair:6   | Entered Level 6 of the Lair of Beasts
 23126 | Lair:6   | Paralysed by a hornet for 2 turns
 24002 | Lair:6   | Reached skill level 6 in Evocations
 24777 | Lair:6   | Received a gift from Okawaru
 24777 | Lair:6   | Reached skill level 15 in Axes
 24777 | Lair:6   | Reached XP level 14. HP: 97/137 MP: 20/20
 25161 | Lair:6   | Received a gift from Okawaru
 25674 | Lair:6   | Got a pair of warped gloves
 25685 | Lair:6   | Identified the +0 pair of gloves of the Zebra {Str+2} (You found it on level 6 of the Lair of Beasts)
 26695 | D:12     | Noticed a frost giant
 26695 | D:12     | Noticed a storm dragon
 27875 | D:12     | Identified 3 scrolls of acquirement
 27879 | D:12     | Found the +14 obsidian axe {chop, +Fly SInv *Curse}
 27881 | D:12     | Got a warped fustibalus
 27882 | D:12     | Identified the +10 fustibalus "Ommao" {flame, rN+ Int+2 SInv} (You acquired it on level 12 of the Dungeon)
 28069 | D:12     | Killed a frost giant
 29000 | D:13     | Found a gate to the Vaults.
 29024 | D:13     | Reached XP level 15. HP: 147/147 MP: 21/21
 29895 | D:14     | Reached skill level 6 in Shields
 29895 | D:14     | Reached skill level 9 in Evocations
 30250 | D:14     | Noticed Nessos
 30256 | D:14     | Killed Nessos
 30574 | D:14     | Received a gift from Okawaru
 30770 | D:15     | Entered Level 15 of the Dungeon
 31980 | D:15     | Found a staircase to the Depths.
 32399 | D:15     | Found a sacrificial altar of Ru.
 32428 | D:15     | Reached skill level 18 in Fighting
 32904 | D:14     | Reached ****** piety under Okawaru
 32904 | D:14     | Reached skill level 6 in Dodging
 33033 | D:11     | Received a gift from Okawaru
 33047 | D:11     | Got a faintly glowing helmet {god gift}
 33058 | D:11     | Identified the +2 helmet of Grot {god gift, *Contam *Drain rElec rCorr} (Okawaru gifted it to you on level 11 of the Dungeon)
 33128 | D:10     | Bought a smoking plate armour for 840 gold pieces
 33138 | D:10     | Identified the +5 plate armour of the Heavens {Dex+4} (You bought it in a shop on level 10 of the Dungeon)
 33196 | Orc:1    | Entered Level 1 of the Orcish Mines
 33307 | Orc:1    | Reached skill level 12 in Armour
 33353 | Orc:1    | Noticed Erolcha
 33363 | Orc:1    | Killed Erolcha
 33405 | Orc:1    | Noticed Harold
 33413 | Orc:1    | Reached skill level 1 in Slings
 33416 | Orc:1    | Killed Harold
 33416 | Orc:1    | Reached XP level 16. HP: 148/157 MP: 23/23
 33967 | Orc:2    | Entered Level 2 of the Orcish Mines
 34246 | Orc:2    | Found a roughly hewn altar of Beogh.
 34318 | Orc:2    | Found a staircase to the Elven Halls.
 34423 | Orc:2    | Found Hoabeum's Weapon Shoppe.
 34423 | Orc:2    | Found Etoemikk's Gadget Shop.
 34434 | Orc:2    | Reached skill level 2 in Slings
 34435 | Orc:2    | Reached skill level 3 in Slings
 34440 | Orc:2    | Reached skill level 9 in Shields
 34465 | Orc:2    | Found Qoheufas's Gadget Shop.
 34465 | Orc:2    | Found Caxt's Armour Emporium.
 34832 | Orc:2    | Received a gift from Okawaru
 35070 | Shoals:1 | Entered Level 1 of the Shoals
 35156 | Snake:1  | Entered Level 1 of the Snake Pit
 35699 | Snake:1  | Reached skill level 4 in Slings
 35872 | Snake:1  | Found Yxocsotu's Book Boutique.
 36029 | Snake:1  | Received a gift from Okawaru
 36030 | Snake:1  | Got a bloodstained longbow {god gift}
 36031 | Snake:1  | Identified the +7 longbow of Xizxehucw {god gift, venom, Str+2 Dex+5} (Okawaru gifted it to you on level 1 of the Snake Pit)
 36954 | Snake:2  | Reached XP level 17. HP: 62/166 MP: 24/24
 37338 | Snake:2  | Noticed Vashnia
 37366 | Snake:2  | Killed Vashnia
 37366 | Snake:2  | Received a gift from Okawaru
 37372 | Snake:2  | Reached skill level 18 in Axes
 37920 | Snake:2  | Reached skill level 5 in Slings
 39080 | Snake:2  | Reached skill level 6 in Slings
 39104 | Snake:2  | Found a runed gate.
 39104 | Snake:2  | Found a runed gate.
 39104 | Snake:2  | Found a runed gate.
 39117 | Snake:2  | Received a gift from Okawaru
 39130 | Snake:2  | Reached skill level 7 in Slings
 39151 | Snake:2  | Got an ichor-stained plate armour {god gift}
 39171 | Snake:2  | Identified the +6 plate armour of Hairiness {god gift, rPois rN+ Int+3} (Okawaru gifted it to you on level 2 of the Snake Pit)
 39569 | Snake:2  | Reached skill level 8 in Slings
 39959 | Snake:3  | Noticed Asterion
 39976 | Snake:3  | Killed Asterion
 40436 | Snake:3  | Reached skill level 9 in Slings
 41034 | Snake:4  | Entered Level 4 of the Snake Pit
 41048 | Snake:4  | Reached XP level 18. HP: 173/174 MP: 18/25
 41053 | Snake:4  | Received a gift from Okawaru
 41053 | Snake:4  | Reached skill level 10 in Slings
 41507 | Snake:4  | Reached skill level 11 in Slings
 41832 | Snake:4  | Reached skill level 12 in Slings
 42110 | Snake:4  | Got a serpentine rune of Zot
 42362 | Snake:4  | Found Huwon's Jewellery Emporium.
 42363 | Snake:4  | Found Quonuy's Gadget Shop.
 42364 | Snake:4  | Found Rarghaag's Jewellery Emporium.
 42625 | Shoals:1 | Received a gift from Okawaru
 43041 | Shoals:1 | Found Lamuif's Magic Scroll Emporium.
 43059 | Shoals:1 | Bought a scroll of teleportation for 54 gold pieces
 43059 | Shoals:1 | Bought 3 scrolls of teleportation for 162 gold pieces
 43118 | Shoals:1 | Reached skill level 13 in Slings
 43662 | Shoals:2 | Noticed a titan
 43713 | Shoals:2 | Killed a titan
 43897 | Shoals:2 | Noticed Jorgrun
 43907 | Shoals:2 | Killed Jorgrun
 43907 | Shoals:2 | Received a gift from Okawaru
 44157 | Shoals:2 | Reached skill level 14 in Slings
 44161 | Shoals:2 | Reached XP level 19. HP: 176/181 MP: 26/26
 44853 | Shoals:4 | Entered Level 4 of the Shoals
 45052 | Shoals:4 | Identified the Grimoire of Toxins and Clay
 45351 | Shoals:4 | Reached skill level 15 in Slings
 45451 | Shoals:4 | Received a gift from Okawaru
 45693 | Shoals:4 | Received a gift from Okawaru
 45988 | Shoals:4 | Got a barnacled rune of Zot
 46244 | Vaults:1 | Entered Level 1 of the Vaults
 46255 | Vaults:1 | Received a gift from Okawaru
 48252 | Vaults:1 | Received a gift from Okawaru
 48252 | Vaults:1 | Reached XP level 20. HP: 192/192 MP: 27/27
 48306 | Vaults:1 | Received a gift from Okawaru
 48335 | Vaults:1 | Got a pair of slimy boots {god gift}
 48348 | Vaults:1 | Identified the +2 pair of boots of the Evening Star {god gift, Str+7 Dex-3 Slay-5 SInv} (Okawaru gifted it to you on level 1 of the Vaults)
 48827 | Vaults:2 | Reached skill level 12 in Shields
 48944 | Vaults:2 | Reached skill level 15 in Armour
 49117 | Vaults:2 | Noticed Frederick
 49130 | Vaults:2 | Killed Frederick
 49342 | Vaults:2 | Received a gift from Okawaru
 49402 | Vaults:2 | Received a gift from Okawaru
 50248 | Vaults:2 | Reached XP level 21. HP: 201/201 MP: 28/28
 51054 | Vaults:3 | Received a gift from Okawaru
 51177 | Vaults:3 | Found a staircase to the Crypt.
 51476 | Vaults:3 | Reached skill level 15 in Shields
 51479 | Vaults:3 | Received a gift from Okawaru
 51750 | Vaults:4 | Received a gift from Okawaru
 52956 | Vaults:4 | Received a gift from Okawaru
 53196 | Vaults:4 | Identified the +2 pair of gloves of Remutaacw {god gift, Str+3} (Okawaru gifted it to you on level 4 of the Vaults)
 53877 | Depths:1 | Entered Level 1 of the Depths
 53896 | Depths:1 | Reached skill level 18 in Armour
 53901 | Depths:1 | Reached XP level 22. HP: 198/209 MP: 23/29
 53912 | Depths:1 | Found a one-way gate to the infinite horrors of the Abyss.
 54165 | Depths:1 | Found a gateway to a ziggurat.
 54168 | Depths:1 | Noticed Aizul
 54209 | Depths:1 | Killed Aizul
 54595 | Depths:1 | Found a gateway to Hell.
 54611 | Depths:1 | Noticed Mara
 54624 | Depths:1 | Noticed Gorglomux's illusion
 54649 | Depths:1 | Killed Mara
 54857 | Depths:2 | Found Qurudaus's Antique Weapon Emporium.
 55047 | Depths:2 | Noticed 8limbs's ghost (adept DrTm)
 55094 | Depths:2 | Killed 8limbs's ghost
 55094 | Depths:2 | Received a gift from Okawaru
 55426 | Depths:2 | Received a gift from Okawaru
 55933 | Depths:2 | Received a gift from Okawaru
 55957 | Depths:2 | Reached skill level 18 in Shields
 55959 | Depths:2 | Received a gift from Okawaru
 56596 | Depths:2 | Reached XP level 23. HP: 189/216 MP: 30/30
 57411 | Depths:3 | Received a gift from Okawaru
 57477 | Depths:3 | Noticed a caustic shrike
 57477 | Depths:3 | a shadow dragon changed into a caustic shrike
 57479 | Depths:3 | Noticed a golden dragon
 57479 | Depths:3 | a caustic shrike changed into a golden dragon
 57496 | Depths:3 | Noticed a caustic shrike
 57496 | Depths:3 | a golden dragon changed into a caustic shrike
 57500 | Depths:3 | a caustic shrike changed into a quicksilver dragon
 57507 | Depths:3 | Noticed a caustic shrike
 57507 | Depths:3 | an iron giant changed into a caustic shrike
 57509 | Depths:3 | a caustic shrike changed into an acid blob
 58001 | Depths:3 | Noticed a golden dragon
 58001 | Depths:3 | an iron dragon changed into a golden dragon
 58003 | Depths:3 | Noticed a shard shrike
 58003 | Depths:3 | a golden dragon changed into a shard shrike
 58006 | Depths:3 | a shard shrike changed into a titan
 58009 | Depths:3 | Noticed a juggernaut
 58009 | Depths:3 | a titan changed into a juggernaut
 58025 | Depths:3 | Killed a juggernaut
 59131 | Depths:3 | Got a flickering turquoise ring
 59468 | Depths:3 | Found a one-way gate leading to the halls of Pandemonium.
 59519 | Depths:3 | Found the +2 Maxwell's thermic engine {flame, freeze, rF- rC-}
 59545 | Depths:3 | Got an ancient iron ring
 59546 | Depths:3 | Identified the ring of Atheism {AC+1 Int+4 Stlth+} (You found it on level 3 of the Depths)
 59643 | Depths:3 | Identified the ring "Peg Raogh" {Wiz rElec rC+} (You took it off a spriggan air mage on level 3 of the Depths)
 60070 | Depths:3 | Noticed a caustic shrike
 60070 | Depths:3 | an acid blob changed into a caustic shrike
 60075 | Depths:3 | a caustic shrike changed into an iron giant
 60085 | Depths:3 | Noticed a golden dragon
 60085 | Depths:3 | an acid blob changed into a golden dragon
 60089 | Depths:3 | a golden dragon changed into an iron dragon
 60157 | Depths:3 | Noticed the Enchantress
 60437 | Depths:4 | Noticed a golden dragon
 60457 | Depths:4 | Killed a golden dragon
 60731 | Depths:4 | Noticed a juggernaut
 60731 | Depths:4 | Received a gift from Okawaru
 60758 | Depths:4 | Killed a juggernaut
 60767 | Depths:4 | Reached XP level 24. HP: 191/224 MP: 26/30
 60781 | Depths:4 | Noticed a juggernaut
 60805 | Depths:4 | Killed a juggernaut
 61439 | Depths:5 | Entered Level 5 of the Depths
 61479 | Depths:5 | Reached skill level 16 in Slings
 62637 | Depths:5 | Reached skill level 17 in Slings
 62642 | Depths:5 | Found a gate to the Realm of Zot.
 62697 | Depths:5 | Received a gift from Okawaru
 63668 | Vaults:5 | Entered Level 5 of the Vaults
 63784 | Vaults:5 | Received a gift from Okawaru
 63801 | Vaults:5 | Identified the +1 pair of boots of Qileg {god gift, rF+ Dex+3} (Okawaru gifted it to you on level 5 of the Vaults)
 63933 | Vaults:5 | Reached skill level 18 in Slings
 64078 | Vaults:5 | Got a steaming sapphire amulet
 64198 | Vaults:5 | Reached XP level 25. HP: 212/232 MP: 30/30
 64308 | Vaults:5 | Reached skill level 19 in Slings
 64565 | Vaults:5 | Received a gift from Okawaru
 64652 | Vaults:5 | Identified the amulet of Nutzaoth {Faith rElec Dex+3 Slay+2} (You took it off an ironheart preserver on level 5 of the Vaults)
 64764 | Vaults:5 | Found Maseirep's Antique Weapon Shop.
 64820 | Vaults:5 | Bought the +8 mithril axe "Arga" {speed, MR+} for 2261 gold pieces
 64820 | Vaults:5 | Found the +8 mithril axe "Arga" {speed, MR+}
 64884 | Vaults:5 | Received a gift from Okawaru
 65021 | Vaults:5 | Reached skill level 20 in Slings
 65211 | Vaults:5 | Received a gift from Okawaru
 65252 | Vaults:5 | Got a wavering granite ring
 65296 | Vaults:5 | Got a glittering glass ring
 65419 | Vaults:5 | Identified the ring of Cijodgha {rElec SInv} (You took it off a vault guard on level 5 of the Vaults)
 65743 | Vaults:5 | Got a silver rune of Zot
 66225 | Zot:1    | Entered Level 1 of the Realm of Zot
 66409 | Zot:1    | Identified the ring "Fidiyrev" {rPois rF++ AC+2} (You took it off a vault guard on level 5 of the Vaults)
 66488 | Zot:1    | Reached skill level 21 in Slings
 66660 | Zot:1    | Reached XP level 26. HP: 176/239 MP: 30/30
 66741 | Zot:1    | Noticed an ancient lich
 66770 | Zot:1    | Killed an ancient lich
 66787 | Zot:1    | Received a gift from Okawaru
 67434 | Zot:1    | Received a gift from Okawaru
 67480 | Zot:1    | Reached skill level 22 in Slings
 68003 | Zot:2    | Received a gift from Okawaru
 68472 | Zot:2    | Received a gift from Okawaru
 68752 | Zot:2    | Received a gift from Okawaru
 69253 | Zot:2    | Received a gift from Okawaru
 69318 | Zot:2    | Reached skill level 23 in Slings
 70064 | Zot:3    | Reached XP level 27. HP: 155/246 MP: 30/30
 70581 | Zot:3    | Received a gift from Okawaru
 70771 | Zot:5    | Entered Level 5 of the Realm of Zot
 70780 | Zot:5    | Received a gift from Okawaru
 70889 | Zot:5    | Reached skill level 24 in Slings
 71320 | Zot:5    | Noticed an ancient lich
 71340 | Zot:5    | Received a gift from Okawaru
 71358 | Zot:5    | Killed an ancient lich
 71373 | Zot:5    | Received a gift from Okawaru
 71601 | Zot:5    | Received a gift from Okawaru
 71687 | Zot:5    | Noticed an ancient lich
 71701 | Zot:5    | Killed an ancient lich
 71821 | Zot:5    | Received a gift from Okawaru
 71914 | Zot:5    | Noticed an orb of fire
 71954 | Zot:5    | Killed an orb of fire
 71954 | Zot:5    | Reached skill level 25 in Slings
 72039 | Zot:5    | Noticed an orb of fire
 72094 | Zot:5    | Gained mutation: You tend to lose your temper in combat. [an orb of fire]
 72096 | Zot:5    | Gained mutation: Your body sometimes deteriorates upon taking damage. [an orb of fire]
 72099 | Zot:5    | Killed an orb of fire
 72182 | Zot:5    | Noticed an orb of fire
 72187 | Zot:5    | Gained mutation: Armour fits poorly on your strangely shaped body. [an orb of fire]
 72190 | Zot:5    | Gained mutation: You are weak. (Str -2) [an orb of fire]
 72225 | Zot:5    | Killed an orb of fire
 72245 | Zot:5    | Lost mutation: You are partially covered in slimy green scales. (AC +2) [potion of mutation]
 72245 | Zot:5    | Lost mutation: You have sharp toenails. [potion of mutation]
 72245 | Zot:5    | Lost mutation: You are weak. (Str -2) [potion of mutation]
 72245 | Zot:5    | Gained mutation: You are agile. (Dex +2) [potion of mutation]
 72245 | Zot:5    | Gained mutation: You are dopey. (Int -2) [potion of mutation]
 72245 | Zot:5    | Gained mutation: You are partially covered in large bone plates. (SH +4) [potion of mutation]
 72246 | Zot:5    | Lost mutation: You tend to lose your temper in combat. [potion of mutation]
 72246 | Zot:5    | Lost mutation: Your body sometimes deteriorates upon taking damage. [potion of mutation]
 72246 | Zot:5    | Gained mutation: You can translocate small distances at will. [potion of mutation]
 72246 | Zot:5    | Gained mutation: Your movements are slightly less encumbered by armour. (ER -2) [potion of mutation]
 72246 | Zot:5    | Gained mutation: Your natural rate of healing is unusually fast. [potion of mutation]
 72406 | Zot:5    | Received a gift from Okawaru
 72507 | Zot:5    | Received a gift from Okawaru
 72699 | Zot:5    | Reached skill level 26 in Slings
 73034 | Zot:5    | Received a gift from Okawaru
 73262 | Zot:5    | Noticed an ancient lich
 73287 | Zot:5    | Killed an ancient lich
 73287 | Zot:5    | Received a gift from Okawaru
 73511 | Zot:4    | Noticed an orb of fire
 73543 | Zot:4    | Killed an orb of fire
 73543 | Zot:4    | Received a gift from Okawaru
 73555 | Zot:4    | Noticed an orb of fire
 73666 | Zot:4    | Killed an orb of fire
 73666 | Zot:4    | Reached skill level 27 in Slings
 73896 | Zot:5    | Received a gift from Okawaru
 73967 | Zot:5    | Got the Orb of Zot
 73973 | Zot:5    | Noticed a seraph
 74014 | Zot:4    | Gained mutation: You are frail. (-10% HP) [a cacodemon]
 74086 | Zot:1    | Received a gift from Okawaru
 74237 | Depths:5 | Noticed Afekh the pandemonium lord
 74425 | D:12     | Noticed Azoluh the pandemonium lord
 74623 | D:4      | Reached skill level 9 in Dodging
 74677 | D:2      | Killed Sigmund
 74741 | D:$      | Escaped with the Orb!

Vault maps used:
D:1:      mrwooster_arrival_arrow, kennysheep_decorative_pillar
D:2:      uniq_sigmund, uniq_terence, uniq_robin
D:3:      minmay_roachtagon, marbit_many_paths, old_standard_altar,
          amethyst_killhole
D:4:      kennysheep_mini_moat, first_bread
D:5:      uniq_pikel
D:6:      uniq_crazy_yiuf_cottage
D:7:      grunt_temple_overflow_octagram, lemuel_temple_firewalk_b,
          serial_shops, nicolae_shop_crystal, nemelex_diamond_rough_becter,
          uniq_joseph
D:8:      overflow_temple_1_default, hangedman_pestilent_swarm,
          fedhas_bush_and_centaur_altar
D:9:      grunt_temple_overflow_order_and_chaos_2, basic_altar, uniq_maurice,
          uniq_prince_ribbit1
D:10:     serial_shops, kennysheep_little_box
D:11:     erik_lair_orcish_takeover, david_orc_3, uniq_snorg, uniq_fannar
D:12:     minmay_octo_star
D:13:     david_vaults_2
D:14:     fountainhead, uniq_nessos
D:15:     gammafunk_depths_entry_grave, nicolae_ru_sacrificial_ziggurat,
          minmay_door_square
Lair:1:   wad_woods_river_04, grunt_megastairs_2
Lair:2:   basic_altar, serial_bayou_shore_a
Lair:3:   minmay_shoals_entry_lonely_mermaid
Lair:4:   guppyfry_snake_entry_island, minmay_lair_oklob_chamber
Lair:5:   dpeg_slime_entry_enclosed_altar, infiniplex_staircase_pool_2
Lair:6:   gammafunk_lair_ancient_temple, infiniplex_staircase_pool,
          lemuel_fruit_fields
Shoals:1: serial_shops, shop
Shoals:2: cheibrodos_shoals_gigantism, uniq_jorgrun
Shoals:4: shoals_end_hangedman, shoals_ilsuiw_ice, nicolae_shoals_seven_spires
Snake:1:  serial_shops, shop
Snake:2:  nicolae_snake_horde_hoard, uniq_vashnia
Snake:3:  nicolae_snake_nest, st_stairs_14, hangedman_snake_wide_pillar_pass,
          uniq_asterion
Snake:4:  minmay_snake_end_coiled, minmay_shop_grove
Orc:1:    minmay_goldmine, uniq_harold, uniq_erolcha
Orc:2:    st_orc_ogre_mass, basic_altar
Vaults:1: grunt_vaults_bifocal, v_misc_29, v_misc_2, v_pattern_1, v_misc_18,
          vaults_room_grunt_arrival_ludios, ontoclasm_vaults_decontamination,
          hangedman_vaults_pinch, vaults_dpeg_hooks, mu_enter_wizlab_1
Vaults:2: nicolae_vaults_shelves_hall, nicolae_vaults_big_angled_halls,
          nicolae_vaults_network_barrier, ontoclasm_vaults_shout, v_misc_29,
          grunt_vaults_swirl, v_pattern_5, ontoclasm_vaults_loading_screen,
          v_misc_23, v_alt_pattern_5, ontoclasm_vaults_bender,
          vaults_room_door_hall, grunt_vaults_hallway_short,
          grunt_vaults_diagonal, uniq_frederick
Vaults:3: ontoclasm_vaults_ring_large, ontoclasm_vaults_fault, v_misc_28,
          vaults_room_large_hall, hangedman_vaults_capsules,
          vaults_standard_mumra_x, v_alt_pattern_3, v_misc_26, v_alt_pattern_6,
          dummy_crypt_entry
Vaults:4: v_rooms_4, nicolae_vaults_three_branches, hangedman_vaults_maws,
          nicolae_vaults_network_square, v_alt_pattern_1,
          nicolae_vaults_inception_scallops, ontoclasm_vaults_twist,
          hangedman_vaults_maws, st_lines, nicolae_vaults_circle_grid_a,
          v_misc_5, hangedman_vaults_stretched_pinwheel,
          nicolae_vaults_little_squares_6, vaults_dpeg_encased_lava,
          vaults_room_stairs_pillars, vaults_dpeg_ring
Vaults:5: serial_shops
Depths:1: enter_ziggurat_b, grunt_hell_entry_dis_old, abyss_entry,
          feat_on_display, uniq_mara, uniq_aizul
Depths:2: lemuel_castle_with_subvaults, serial_shops, shop_fountains,
          hell_entry, patterned_corridor
Depths:3: radiant_caverns_b_rkd, hell_entry, pan_entry, uniq_enchantress
Depths:4: minmay_triangles_in_corner, pan_entry, hell_entry, abyss_entry,
          minmay_misc_feat_room, minmay_misc_feat_chi
Depths:5: grunt_zot_entry_funnels, dk_noncrumbling_3, hell_entry
Zot:1:    hangedman_zot_vaults_quadrants
Zot:2:    lemuel_acid_trip
Zot:3:    nicolae_zot_draconian_monastery
Zot:4:    lemuel_lake_of_fire

Skill      XL: |  1  2  3  4  5  6  7  8  9 10 11 12 13 14 15 16 17 18 19 20 21 22 23 24 25 26 27 |
---------------+----------------------------------------------------------------------------------+-----
Fighting       | 1 3 4 5 6 7 8 10 12 13 14 16 17 18 19 20 | 20.5
Axes           | 1 2 5 8 9 10 11 13 15 16 17 18 | 18.8
Shields        | 2 4 5 7 9 11 13 16 18 20 | 20.0
Armour         | 1 4 6 9 10 12 13 14 16 18 19 20 | 20.6
Invocations    | 4 7 9 |  9.0
Dodging        | 3 4 6 7 8 9 |  9.0
Evocations     | 1 6 8 10 | 10.0
Slings         | 1 4 9 14 15 18 21 23 27 | 27.0
Stealth        | |  1.5
Spellcasting   | |  1.5
Conjurations   | |  1.0
Ice Magic      | |  2.6

Action                   |  1- 3 |  4- 6 |  7- 9 | 10-12 | 13-15 | 16-18 | 19-21 | 22-24 | 25-27 || total
-------------------------+-------+-------+-------+-------+-------+-------+-------+-------+-------++-------
Melee: Dagger            |    33 |       |       |       |       |       |       |       |       ||    33
       Short sword       |    40 |    39 |       |       |       |       |       |       |       ||    79
       Hand axe          |       |   153 |       |       |       |       |       |       |       ||   153
       Kick              |       |     9 |    41 |       |       |       |       |       |       ||    50
       Trident           |       |    52 |   355 |   688 |   278 |       |       |       |       ||  1373
       War axe           |       |       |    30 |   251 |  1088 |   171 |       |       |       ||  1540
       Demon whip        |       |       |       |       |    27 |       |       |       |       ||    27
       Broad axe         |       |       |       |       |       |   496 |   790 |  1422 |  1645 ||  4353
 Fire: Fustibalus        |       |       |       |       |    90 |   672 |   931 |   608 |   833 ||  3134
Throw: Javelin           |       |       |       |     6 |     4 |       |       |       |       ||    10
 Cast: Freeze            |    29 |    41 |       |       |       |       |       |       |       ||    70
       Ozocubu's Armour  |       |     1 |       |       |       |       |       |       |       ||     1
Invok: Heroism           |       |       |       |    25 |    34 |    24 |    18 |    24 |    32 ||   157
       Finesse           |       |       |       |       |     3 |     7 |    13 |    16 |    16 ||    55
 Abil: Evoke Invisibilit |       |       |       |     2 |     1 |       |       |       |       ||     3
Evoke: Wand              |       |       |       |     1 |     1 |       |     1 |       |     6 ||     9
       Lightning rod     |       |       |       |       |     4 |     4 |     4 |       |       ||    12
  Use: Potion            |       |     2 |     1 |     1 |       |     1 |       |     3 |     4 ||    12
       Scroll            |       |     8 |     7 |    17 |    12 |    15 |     9 |    10 |    16 ||    94
 Stab: Sleeping          |     1 |     2 |       |       |     1 |       |       |       |       ||     4
       Invisible         |       |       |       |     1 |       |       |       |       |       ||     1
       Distracted        |       |       |       |       |     1 |       |     1 |       |       ||     2
       Confused          |       |       |       |       |       |       |       |       |     2 ||     2
  Eat: Chunk             |     2 |    13 |    11 |    46 |    60 |    34 |    30 |    33 |    29 ||   258
       Fruit             |       |     4 |       |     5 |       |       |       |       |       ||     9
Armor: Robe              |    13 |    76 |       |       |       |       |       |       |       ||    89
       Scale mail        |       |    26 |   192 |   459 |   510 |       |       |       |       ||  1187
       Plate armour      |       |       |       |       |     6 |   400 |   374 |   363 |   445 ||  1588
       Skin              |       |       |       |       |       |       |       |       |     6 ||     6
Dodge: Dodged            |    68 |   238 |   146 |   512 |   848 |   323 |   279 |   328 |   309 ||  3051
Block: Buckler           |       |     9 |    58 |   307 |   290 |       |       |       |       ||   664
       Shield            |       |       |       |       |   226 |   290 |       |       |       ||   516
       Large shield      |       |       |       |       |       |   240 |   852 |   976 |  1091 ||  3159
